 Dungeon Crawl Stone Soup version 0.23-a0-338-g8ff0b24 (webtiles) character file.

282 Loudmushroom the Skirmisher (level 6, -6/39 HPs)
             Began as a Gargoyle Fighter on Oct 18, 2018.
             Mangled by a hornet (9 damage)
             ... on level 3 of the Dungeon.
             The game lasted 00:11:17 (2292 turns).

Loudmushroom the Skirmisher (Gargoyle Fighter)      Turns: 2292, Time: 00:11:18

Health: -6/39      AC: 12    Str: 21    XL:     6   Next: 28%
Magic:  6/6        EV:  7    Int:  9    God:
Gold:   155        SH:  9    Dex:  9    Spells: 5/5 levels left

rFire    . . .     SeeInvis .   a - +0 war axe
rCold    . . .     Gourm    .   c - +0 shield
rNeg     + . .     Faith    .   n - +0 scale mail
rPois    ∞         Spirit   .   e - +0 helmet
rElec    +         Reflect  .   (no cloak)
rCorr    .         Harm     .   (no gloves)
MR       .....                  (no boots)
Stlth    ..........             (no amulet)
HPRegen  0.13/turn              (no ring)
MPRegen  0.10/turn              (no ring)

@: no status effects
A: negative energy resistance 1, electricity resistance, unbreathing,
petrification resistance, rot immunity, AC +4
a: no special abilities


You were on level 3 of the Dungeon.
You were not hungry.

You visited 1 branch of the dungeon, and saw 3 of its levels.

You collected 155 gold pieces.

Inventory:

Hand Weapons
 a - a +0 war axe (weapon)
 b - a +0 hunting sling
 y - a +0 flail
Missiles
 k - 20 bolts
 m - 127 stones (quivered)
 p - 28 sling bullets
Armour
 c - a +0 shield (worn)
 e - a +0 helmet (worn)
 n - a +0 scale mail (worn)
Scrolls
 g - a scroll of noise {unknown}
 h - 5 scrolls of identify {unknown}
 j - 2 scrolls of fear {unknown}
 q - a scroll of enchant armour {unknown}
 s - 2 scrolls of remove curse {unknown}
 t - 2 scrolls of immolation
 u - a scroll of fog {unknown}
 v - 3 scrolls of blinking {unknown}
 w - a scroll of magic mapping {unknown}
 x - a scroll of enchant weapon {unknown}
Potions
 d - 2 potions of might
 i - a potion of cancellation {unknown}
 l - 2 potions of flight {unknown}
 o - a potion of degeneration {unknown}
 r - a potion of mutation {unknown}
 z - 2 potions of curing {unknown}
 A - a potion of brilliance {unknown}
Comestibles
 f - 5 rations


   Skills:
 + Level 4.4 Fighting
 * Level 3.9 Axes
 + Level 4.4 Armour
 + Level 4.4 Shields


You had 5 spell levels left.
You didn't know any spells.
Your spell library was empty.

Dungeon Overview and Level Annotations

Branches:
Dungeon (3/15)

Altars:


Innate Abilities, Weirdness & Mutations

You are resistant to torment.
Your stone body is resilient. (AC +4)
You are immune to poison.
You resist negative energy. (rN+)
You are resistant to electric shocks. (rElec)
You can survive without breathing.
You are immune to petrification.
You are immune to rotting.


Message History

You closely miss the hornet.
The hornet is lightly wounded.
The hornet closely misses you. The hornet barely misses you.
You miss the hornet.
The hornet is lightly wounded.
The hornet stings you but does no damage.
The hornet stings you!
* * * LOW HITPOINT WARNING * * *
You closely miss the hornet.
The hornet is lightly wounded.
The hornet stings you but does no damage. x2
You barely miss the hornet.
The hornet is lightly wounded.
The hornet stings you.
* * * LOW HITPOINT WARNING * * *
You block the hornet's attack.
You barely miss the hornet.
The hornet is lightly wounded.
The hornet stings you!
You die...

....###.#'##.#r#
..........##.#.#
..........##.#W#
..........##.#.#
..........'..#.##
..........####§§##
.............§§§§#
..........#####y##
.........# #§§@#
.........# #§§§#
.........# #§§§#
.........# #####
#########


You could see a hornet.

Vanquished Creatures
  The ghost of Ijustatesigmund the Grasshopper, an amateur OpWz (D:3)
  A howler monkey (D:3)
  4 gnolls (D:2)
  3 adders
  An ooze (D:2)
  2 dart slugs (D:1)
  2 leopard geckos (D:2)
  5 bats
  3 giant cockroaches
  5 goblins
  7 hobgoblins
  7 jackals
  10 kobolds
  3 quokkas
  A frilled lizard (D:1)
  4 rats
59 creatures vanquished.

Notes
Turn   | Place    | Note
-------+----------+-------------------------------------------
     0 | D:1      | Loudmushroom the Gargoyle Fighter began the quest for the
                  | Orb.
     0 | D:1      | Reached XP level 1. HP: 14/14 MP: 1/1
    82 | D:1      | Reached XP level 2. HP: 16/19 MP: 2/2
   470 | D:1      | Reached XP level 3. HP: 23/23 MP: 3/3
  1072 | D:2      | Reached XP level 4. HP: 19/29 MP: 4/4
  1898 | D:3      | Reached XP level 5. HP: 31/33 MP: 5/5
  2248 | D:3      | Found a runed door.
  2252 | D:3      | Noticed Ijustatesigmund's ghost (amateur OpWz)
  2282 | D:3      | Killed Ijustatesigmund's ghost
  2282 | D:3      | Reached XP level 6. HP: 18/39 MP: 6/6
  2282 | D:3      | Noticed a hornet
  2292 | D:3      | Mangled by a hornet

Vault maps used:
D:1:      ebering_trefoil_twist
D:2:      first_ration
D:3:      ebering_ghost_inner_flame

Skill      XL: |  1  2  3  4  5 |
---------------+----------------+-----
Axes           | 2 3 |  3.9
Fighting       | 4 |  4.4
Shields        | 4 |  4.4
Armour         | 4 |  4.4

Action                   |  1- 3 |  4- 6 || total
-------------------------+-------+-------++-------
Melee: War axe           |   106 |   129 ||   235
  Eat: Chunk             |     1 |     4 ||     5
Armor: Scale mail        |    70 |    89 ||   159
Dodge: Dodged            |    44 |    64 ||   108
Block: Shield            |    60 |    78 ||   138

Table legend:
 A = Non-vault XP
 B = Vault XP
 C = Vault XP percentage of total XP
 D = Non-vault monster count
 E = Vault monster count
 F = Vault count percentage of total count
                 A         B        C        D         E       F
            +---------+---------+-------+---------+---------+-------
      Total |     193 |     211 |  52.2 |      57 |       2 |   3.4
            +---------+---------+-------+---------+---------+-------
        D:1 |      38 |       0 |   0.0 |      20 |       0 |   0.0
        D:2 |     125 |       0 |   0.0 |      26 |       0 |   0.0
        D:3 |      30 |     211 |  87.6 |      11 |       2 |  15.4
            +---------+---------+-------+---------+---------+-------
